 Seeded DCSS version 0.29.1-15-g9cfb28693d (webtiles) character file.

Game seed: 11851575853161599096 (custom seed)

29162 Sanktem7 the Cleaver (level 13, -9/106 HPs)
             Began as a Formicid Fighter on Mar 17, 2023.
             Was the Champion of Okawaru.
             Mangled by a titanic slime creature (58 damage)
             ... on level 13 of the Dungeon.
             The game lasted 00:19:50 (13303 turns).

Sanktem7 the Cleaver (Formicid Fighter)            Turns: 13303, Time: 00:19:50

Health: -9/106     AC: 34    Str: 25    XL:     13   Next: 79%
Magic:  16/16      EV: 11    Int: 13    God:    Okawaru [******]
Gold:   1993       SH: 12    Dex: 13    Spells: 12/12 levels left

rFire   . . .      SeeInvis +   a - +2 executioner's axe (flame) {axerare=g}
rCold   . . .      Faith    .   c - +0 buckler
rNeg    . . .      Spirit   .   u - +15 Maxwell's patent armour {-Cast -Tele rElec Will+ rCorr}
rPois   .          Reflect  +   (helmet unavailable)
rElec   +          Harm     .   E - +1 cloak
rCorr   +          Rampage  .   A - +0 pair of gloves
Will    ++...      NoCast   +   (no boots)
Stlth   ..........              m - amulet "Kisy" {Reflect Int+4 SH+5}
HPRegen 0.27/turn               i - +4 ring of evasion
MPRegen 0.15/turn               r - +4 ring of slaying

@: no status effects
A: permanent stasis, dig shafts and tunnels, antennae 3, four strong arms
a: Dig, Shaft Self, Renounce Religion, Heroism, Finesse, Duel


You were on level 13 of the Dungeon.
You worshipped Okawaru.
Okawaru was exalted by your worship.
You visited 1 branch of the dungeon, and saw 13 of its levels.
You also visited: Gauntlet.

You collected 2097 gold pieces.
You spent 104 gold pieces at shops.


Innate Abilities, Weirdness & Mutations

You cannot be hasted, slowed, berserked, paralysed or teleported.
You can dig through walls and to a lower floor.
You have a pair of large antennae on your head. (SInv)
Your four strong arms can wield two-handed weapons with a shield.


   Skills:
 + Level 11.1 Fighting
 * Level 13.7 Axes
 + Level 5.6 Throwing
 + Level 11.1 Armour
 + Level 13.1 Shields
 - Level 5.0 Invocations


You had 12 spell levels left.
You didn't know any spells.
Your spell library contained the following spells:

 Spells                   Type           Power      Damage    Failure   Level
 Magic Dart               Conj           0%         1d3       97%         1
 Shock                    Conj/Air       0%         1d3       97%         1
 Searing Ray              Conj           0%         2d4       99%         2
 Static Discharge         Conj/Air       0%         3-3/arc   99%         2
 Airstrike                Air            0%         2d(0-16)  100%        4
 Fulminant Prism          Conj/Hex       0%         3d6       100%        4
 Alistair's Intoxication  Tmut/Pois      0%         N/A       100%        5
 Borgnjor's Vile Clutch   Necr/Erth      0%         N/A       100%        5
 Iskenderun's Battlesphe  Conj           0%         2d6       100%        5
 Lightning Bolt           Conj/Air       0%         1d11      100%        5
 Dispersal                Tloc           0%         N/A       100%        6
 Eringya's Noxious Bog    Tmut/Pois      0%         N/A       100%        6
 Iron Shot                Conj/Erth      0%         9d1       100%        6
 Disjunction              Tloc           0%         N/A       100%        8
 Maxwell's Capacitive Co  Air            0%         ∞         100%        8
 Swiftness                Air            Unusable   N/A       N/A         3
 Spellforged Servitor     Conj/Summ      Unusable   N/A       N/A         7

Inventory:

Hand Weapons
 a - a +2 executioner's axe of flaming (weapon) {axerare=g}
   (You acquired it on level 8 of the Dungeon)
Missiles
 h - 5 boomerangs (quivered) {throwing}
 p - 27 stones {throwing}
 v - 38 poisoned darts {throwing}
 F - 2 curare-tipped darts {=fthrowing}
 N - 7 silver javelins {throwing}
Armour
 c - a +0 buckler (worn)
 u - the +15 Maxwell's patent armour (worn) {-Cast -Tele rElec Will+ rCorr}
   (You found it on level 3 of the Dungeon)

   rElec:     It insulates you from electricity.
   -Cast:     It prevents spellcasting.
   -Tele:     It prevents most forms of teleportation.
   rCorr:     It protects you from acid and corrosion.
   Will:      It increases your willpower.
 A - a +0 pair of gloves (worn)
   (You found it on level 10 of the Dungeon)
 E - a +1 cloak (worn)
   (You took it off Maurice on level 8 of the Dungeon)
Magical Staves
 T - a staff of earth {!astaff}
   (You found it on level 13 of the Dungeon)
Jewellery
 i - a +4 ring of evasion (left hand)
   (You found it on level 2 of the Dungeon)
 m - the amulet "Kisy" (around neck) {Reflect Int+4 SH+5}
   (You found it on level 7 of the Dungeon)

   [amulet of reflection]

   It reflects blocked missile attacks.
   Int:       It affects your intelligence (+4).
   SH:        It affects your SH (+5).
 r - a +4 ring of slaying (right hand)
   (You found it on level 1 of the Dungeon)
 C - a ring of poison resistance
   (You found it in a Gauntlet)
 L - a +6 ring of dexterity
   (You took it off an orc on level 12 of the Dungeon)
 P - an amulet of the acrobat
   (You found it on level 13 of the Dungeon)
Wands
 x - a wand of paralysis (29)
   (You found it on level 4 of the Dungeon)
 H - a wand of flame (71)
   (You found it on level 6 of the Dungeon)
 J - a wand of iceblast (19)
   (You took it off Maurice on level 8 of the Dungeon)
 Q - a wand of polymorph (8)
   (You found it in a Gauntlet)
Scrolls
 b - 2 scrolls of immolation {unknown}
 j - 7 scrolls of teleportation {@r4}
 k - 3 scrolls of identify {@r1}
 l - a scroll of blinking {!r}
 n - 2 scrolls of poison {!r}
 q - 3 scrolls of noise {!r}
 s - a scroll of enchant armour
 t - a scroll of amnesia {unknown}
 y - a scroll of fear
 z - 2 scrolls of fog
 M - a scroll of magic mapping {unknown}
 S - a scroll of silence {unknown}
Potions
 d - 5 potions of might
 e - 15 potions of curing {@q1}
 f - 2 potions of haste {@q3}
 g - 5 potions of brilliance
 o - 4 potions of mutation {unknown}
 w - 3 potions of flight {unknown}
 B - 3 potions of heal wounds {@q2}
 D - 2 potions of berserk rage {!q}
 G - a potion of lignification {unknown}
 I - a potion of invisibility
 K - 3 potions of cancellation {unknown}
 O - 2 potions of attraction {!q}
Miscellaneous
 R - a phantom mirror
   (You found it in a Gauntlet)

Dungeon Overview and Level Annotations

Branches:
Dungeon (13/15) Zot: 26242  Temple (0/1) D:5            Lair (0/5) D:9
    Orc (0/2) D:12        Gauntlet (visited)
 Vaults: D:13-14

Altars:
Okawaru
Uskayaw
Wu Jian
Yredelemnul

Shops:
D:4 [   D:5 [   D:7 *

Annotations:
D:7 1 runed translucent door, Sanktem7's ghost, novice MiFi

####...###....#####.# ##...##.#
#......[..###.## ##.###..#....#
...........##...###..{##....####
...........##.......#...........
#####...###.....###...####.#####
#...# ##.#### ##.## #.# #...#
#.#######.## #.# ##.##
#.....$..... ..# #. ####@#######
### #J# #.# #.# #.# J.# ###


You could see a titanic slime creature and a slime creature.


Message History

You kill the troll!
Okawaru accepts your kill.
The troll leather armour is intact enough to wear.
No target in view!
No target in view!
No target in view!
No target in view!
Found a stone staircase leading up. 😎 HP[+1]
Your hp is fully restored (106).
You now have 1971 gold pieces (gained 14).
e - 15 potions of curing {@q1} (gained 1)
There is a stone staircase leading up here.
Key pressed, stopping explore.
You now have 1993 gold pieces (gained 22).
T - a staff of earth {!astaff}
There is a stone staircase leading down here.
Things that are here:
a +0 troll leather armour; a troll corpse A vampire mosquito comes into view.
The vampire mosquito buzzes angrily.
A vampire mosquito is nearby!
A vampire mosquito comes into view.
The vampire mosquito buzzes angrily.
You slash the vampire mosquito! You burn the vampire mosquito!
The vampire mosquito misses you.
You block the vampire mosquito's attack.
You slice the vampire mosquito!! You burn the vampire mosquito.
You destroy the vampire mosquito!
Okawaru accepts your kill.
You block the vampire mosquito's attack.
You miss the vampire mosquito.
You block the vampire mosquito's attack. x2
You slice the vampire mosquito!! You burn the vampire mosquito!
You destroy the vampire mosquito!
Okawaru accepts your kill.
No target in view!
No target in view!
No target in view!
No target in view!
No target in view!
No target in view!
You sense a monster nearby.
A cyclops comes into view.
A cyclops is nearby!
A cyclops is nearby!
The cyclops throws a large rock.
You reflect the large rock off an invisible shield around you!
The large rock hits the cyclops!!
You slice the cyclops!! You burn the cyclops.
You kill the cyclops!
Okawaru accepts your kill.
No target in view!
No target in view!
No target in view!
No target in view!
No target in view!
You see here a +0 robe.
You see here a +0 robe.
You sense a monster nearby. 3 slime creatures come into view.
The slime creature quivers. x2
Two slime creatures merge to form a large slime creature.
There are monsters nearby!
A slime creature comes into view.
The slime creature quivers.
Two slime creatures merge to form a very large slime creature.
You barely miss the slime creature. The slime creature closely misses you.
You hit the slime creature. You burn the slime creature.
You block the slime creature's attack.
You slice the slime creature!! You burn the slime creature.
The slime creature hits you but does no damage.
You block the slime creature's attack.
You slash the slime creature! You burn the slime creature.
A slime creature comes into view.
Two slime creatures merge to form an enormous slime creature.
You slash the enormous slime creature! You burn the enormous slime creature.
You block the enormous slime creature's attack.
You slice the enormous slime creature!! You burn the enormous slime creature.
The enormous slime creature hits you but does no damage.
You hit the enormous slime creature. You burn the enormous slime creature.
The enormous slime creature hits you!!!
Ouch! That really hurt!
* * * LOW HITPOINT WARNING * * *
Two slime creatures merge to form a titanic slime creature. 😨 HP[-58]
You take 58 damage, and now have 48/106 hp.
MASSIVE DAMAGE!! (PAUSE)
You barely miss the titanic slime creature.
You slash the titanic slime creature! You burn the titanic slime creature!
The titanic slime creature barely misses you. 😨 HP[+1]
You slice the titanic slime creature!! You burn the titanic slime creature.
The titanic slime creature closely misses you.
A slime creature comes into view.
The slime creature quivers.
You hit the titanic slime creature. You burn the titanic slime creature.
The titanic slime creature hits you!!!
Ouch! That really hurt!
You die...

Skill      XL: |  1  2  3  4  5  6  7  8  9 10 11 12 13 |
---------------+----------------------------------------+-----
Axes           | 3 4 5 6 8 10 11 12 13 | 13.7
Fighting       | 4 5 6 7 8 9 10 11 | 11.1
Armour         | 4 5 6 7 8 9 10 11 | 11.1
Shields        | 5 6 7 8 10 11 12 13 | 13.1
Invocations    | 2 5 |  5.0
Throwing       | 1 4 5 |  5.6

Action                   |  1- 3 |  4- 6 |  7- 9 | 10-12 | 13-15 || total
-------------------------+-------+-------+-------+-------+-------++-------
Melee: War axe           |   101 |   113 |   204 |    58 |       ||   476
       Executioner's axe |       |       |       |   262 |   200 ||   462
Throw: Boomerang         |       |       |       |       |     1 ||     1
Invok: Heroism           |       |       |       |     2 |       ||     2
 Abil: Dig               |       |       |       |       |     2 ||     2
  Use: Scroll            |       |       |       |    12 |       ||    12
Armor: Scale mail        |    68 |    14 |       |       |       ||    82
       Plate armour      |       |    39 |   104 |   258 |   141 ||   542
Dodge: Dodged            |    59 |    58 |    90 |   192 |    76 ||   475
Block: Buckler           |    33 |    20 |    63 |   277 |   116 ||   509
       Reflection        |       |       |     2 |    13 |     2 ||    17

Levels and vault maps discovered:
D:1:      lightli_iron_boxes, layout_basic
D:2:      layout_rooms, shapermc_ecumenical_altar_flowoftime
D:3:      layout_basic, uniq_natasha
D:4:      layout_rooms, serial_shops, nicolae_take_the_stairs,
          uniq_blork_the_orc
D:5:      layout_basic, minmay_temple_entry_stoned_glass, serial_shops,
          nicolae_lakefront_shop, grunt_ministairs_2,
          minmay_misc_feat_more_columns, kennysheep_generic_room_15
D:6:      layout_basic, serial_rivers, chequers_serial_rivers_small_a,
          chequers_serial_rivers_micro_c, chequers_serial_rivers_micro_d,
          chequers_serial_rivers_micro_b, chequers_serial_rivers_small_a
D:7:      layout_basic, chequers_temple_overflow_statue_of_worship,
          serial_shops, shop_statue, hellmonk_ghost_happy_afterlife,
          uniq_duvessa, uniq_joseph
D:8:      layout_loops_ring, amcnicky_altar_gilded, guppyfry_early_elven_hall,
          uniq_maurice
D:9:      kennysheep_blocky_room, layout_long_grid, erik_lair_orcish_takeover
D:10:     layout_stronghold, uniq_josephine, uniq_grum
D:11:     layout_stronghold, gauntlet_entry_generic, minmay_misc_feat_cross,
          serial_bayou_lake_a
D:12:     layout_roguey, zombieorc1_lemuel, chequers_serial_rivers_micro_c,
          nzn_sisyphean_effort
D:13:     layout_loops_ring

Notes
Turn   | Place    | Note
-------+----------+-------------------------------------------
     0 | D:1      | Sanktem7 the Formicid Fighter began the quest for the Orb.
     0 | D:1      | Reached XP level 1. HP: 18/18 MP: 1/1
     0 | D:1      | magus.rc [v1.9.6]
    10 | D:1      | You fall into a shaft and drop 1 floor!
   140 | D:2      | Reached XP level 2. HP: 24/24 MP: 2/2
   291 | D:1      | Reached XP level 3. HP: 25/29 MP: 3/3
   436 | D:1      | magus.rc [v1.9.6]
   650 | D:1      | You pick up a book of Power and begin reading...
   650 | D:1      | You add the spells Iskenderun's Battlesphere, Iron Shot and
                  | Spellforged Servitor to your library.
   884 | D:1      | Reached XP level 4. HP: 35/37 MP: 4/4
   885 | D:1      | Reached skill level 3 in Axes
  1064 | D:2      | Found a faded altar of an unknown god.
  1430 | D:3      | magus.rc [v1.9.6]
  1430 | D:3      | Noticed Natasha
  1444 | D:3      | Killed Natasha
  1640 | D:3      | Noticed Natasha
  1646 | D:3      | Reached XP level 5. HP: 42/42 MP: 5/5
  1663 | D:3      | Killed Natasha
  1664 | D:3      | Reached skill level 4 in Fighting
  1664 | D:3      | Reached skill level 4 in Armour
  1734 | D:3      | Noticed Natasha
  1740 | D:3      | Killed Natasha
  1741 | D:3      | Reached skill level 5 in Shields
  1839 | D:3      | Found the +15 Maxwell's patent armour {-Cast -Tele rElec
                  | Will+ rCorr}
  2257 | D:3      | You pick up a book of Air and begin reading...
  2257 | D:3      | You add the spells Shock and Airstrike to your library.
  2443 | D:4      | Noticed Blork the orc
  2463 | D:4      | Killed Blork the orc
  2464 | D:4      | Reached skill level 4 in Axes
  2464 | D:4      | Reached XP level 6. HP: 30/48 MP: 6/6
  2715 | D:4      | Found Kagucra's Armour Boutique.
  2763 | D:4      | Reached XP level 7. HP: 54/55 MP: 7/7
  3041 | D:5      | Entered Level 5 of the Dungeon
  3086 | D:5      | Found Ozadgha's Antique Armour Boutique.
  3142 | D:5      | Reached skill level 5 in Axes
  3142 | D:5      | Reached skill level 6 in Shields
  3321 | D:5      | Reached skill level 5 in Armour
  3400 | D:5      | Reached skill level 5 in Fighting
  3494 | D:5      | Reached XP level 8. HP: 62/62 MP: 8/8
  3502 | D:5      | Found a staircase to the Ecumenical Temple.
  3940 | D:5      | You add the spells Alistair's Intoxication, Borgnjor's Vile
                  | Clutch and Eringya's Noxious Bog to your library.
  4192 | D:6      | Reached skill level 6 in Axes
  4288 | D:6      | You pick up a book of Lightning and begin reading...
  4288 | D:6      | You add the spells Static Discharge, Lightning Bolt and
                  | Maxwell's Capacitive Coupling to your library.
  4768 | D:6      | Reached skill level 7 in Shields
  5129 | D:7      | Found Cyud's General Store.
  5143 | D:7      | Reached skill level 6 in Armour
  5195 | D:7      | Bought 2 potions of curing for 78 gold pieces
  5195 | D:7      | Bought a scroll of identify for 26 gold pieces
  5196 | D:7      | Identified the +1 scale mail of Varoxzih {+Blink Int+5}
  5210 | D:7      | Reached skill level 6 in Fighting
  5210 | D:7      | Reached XP level 9. HP: 64/69 MP: 9/9
  5215 | D:7      | Reached skill level 7 in Axes
  5512 | D:7      | Noticed Duvessa
  5514 | D:7      | Noticed Dowan
  5525 | D:7      | Killed Duvessa
  5529 | D:7      | Killed Dowan
  5686 | D:7      | Found an iron altar of Okawaru.
  5687 | D:7      | Found a hide-covered altar of Uskayaw.
  5689 | D:7      | Found an ornate altar of the Wu Jian Council.
  5694 | D:7      | Became a worshipper of Warmaster Okawaru
  5882 | D:7      | Found a runed translucent door.
  5882 | D:7      | Noticed Sanktem7's ghost (novice MiFi)
  6190 | D:7      | Noticed Joseph
  6196 | D:7      | Killed Joseph
  6197 | D:7      | Reached skill level 8 in Shields
  6210 | D:7      | Identified the amulet "Kisy" {Reflect Int+4 SH+5}
  6290 | D:8      | Found a basalt altar of Yredelemnul.
  6380 | D:8      | Reached skill level 8 in Axes
  6401 | D:8      | Noticed Maurice
  6415 | D:8      | Killed Maurice
  6415 | D:8      | Reached * piety under Okawaru
  6416 | D:8      | Reached skill level 7 in Fighting
  6416 | D:8      | Reached skill level 7 in Armour
  6518 | D:8      | Reached XP level 10. HP: 76/79 MP: 10/10
  6524 | D:8      | Reached ** piety under Okawaru
  6539 | D:8      | Reached skill level 9 in Axes
  6539 | D:8      | Reached skill level 9 in Shields
  6748 | D:8      | Noticed a deep elf pyromancer
  6755 | D:8      | Killed a deep elf pyromancer
  6817 | D:8      | Reached *** piety under Okawaru
  6850 | D:8      | Identified a scroll of acquirement
  6850 | D:8      | Acquired a +2 executioner's axe of flaming
  6851 | D:8      | a - a +2 executioner's axe of flaming {axerare=g}
  6852 | D:8      | your +2 executioner's axe of flaming {axerare=g} bursts
                  | into flame!
  6852 | D:8      | a - a +2 executioner's axe of flaming (weapon) {axerare=g}
  7151 | D:9      | Reached skill level 8 in Fighting
  7151 | D:9      | Reached skill level 8 in Armour
  7190 | D:9      | Reached skill level 10 in Axes
  7429 | D:9      | Reached **** piety under Okawaru
  7430 | D:9      | Reached skill level 10 in Shields
  7430 | D:9      | Reached XP level 11. HP: 81/87 MP: 11/11
  7653 | D:9      | Noticed a manticore
  7659 | D:9      | Killed a manticore
  7718 | D:9      | Noticed a wizard
  7727 | D:9      | Killed a wizard
  7727 | D:9      | Reached ***** piety under Okawaru
  7786 | D:9      | Found a staircase to the Lair.
  7793 | D:9      | Reached skill level 9 in Armour
  7794 | D:9      | Reached skill level 9 in Fighting
  7797 | D:9      | Reached skill level 11 in Axes
  8349 | D:10     | Entered Level 10 of the Dungeon
  8404 | D:10     | Noticed Grum
  8421 | D:10     | Killed Grum
  8422 | D:10     | Reached skill level 1 in Invocations
  8584 | D:10     | You pick up a book of the Warp and begin reading...
  8584 | D:10     | You add the spells Dispersal and Disjunction to your
                  | library.
  8660 | D:10     | Reached skill level 11 in Shields
  8664 | D:10     | Reached skill level 1 in Throwing
  8864 | D:10     | Noticed Josephine
  8873 | D:10     | Killed Josephine
  8873 | D:10     | Received a gift from Okawaru
  8874 | D:10     | Reached skill level 2 in Invocations
  9023 | D:10     | Reached XP level 12. HP: 96/96 MP: 13/13
  9135 | D:10     | Reached skill level 2 in Throwing
  9165 | D:10     | Reached skill level 3 in Invocations
  9392 | D:11     | Found a gate leading to a gauntlet.
  9404 | D:11     | Received a gift from Okawaru
  9411 | D:11     | Acquired 1031 gold pieces
  9534 | Gauntlet | Entered a Gauntlet
  9534 | Gauntlet | Found a transporter.
  9537 | Gauntlet | Found a transporter.
  9537 | Gauntlet | Found a transporter.
  9537 | Gauntlet | Found a transporter.
  9613 | Gauntlet | Found a transporter.
  9615 | Gauntlet | Found a transporter.
  9618 | Gauntlet | Reached skill level 12 in Axes
  9621 | Gauntlet | Reached skill level 3 in Throwing
  9625 | Gauntlet | Found a transporter.
  9629 | Gauntlet | Identified the ring "Xaymposho" {Contam +Blink Will+ Int+4}
  9635 | Gauntlet | Noticed a death scarab
  9637 | Gauntlet | Found a transporter.
  9642 | Gauntlet | Found a transporter.
  9647 | Gauntlet | Killed a death scarab
  9648 | Gauntlet | Reached skill level 4 in Invocations
  9657 | Gauntlet | Found a transporter.
  9673 | Gauntlet | Noticed a hell hog
  9675 | Gauntlet | Found a runed translucent door.
  9676 | Gauntlet | Found a transporter.
  9677 | Gauntlet | Found a transporter.
  9677 | Gauntlet | Found a transporter.
  9680 | Gauntlet | Noticed a fire crab
  9691 | Gauntlet | Reached skill level 10 in Fighting
  9700 | Gauntlet | Reached skill level 10 in Armour
  9717 | Gauntlet | Identified the +1 hat of Leapfrog {Rampage}
  9722 | Gauntlet | Killed a hell hog
  9987 | Gauntlet | Killed a fire crab
  9991 | Gauntlet | Reached skill level 12 in Shields
  9994 | Gauntlet | Found a transporter.
 10012 | Gauntlet | Noticed a minotaur
 10021 | Gauntlet | Killed a minotaur
 10024 | Gauntlet | Identified the +1 leather armour of the Stonemason {Int+8
                  | Dex+6}
 10231 | D:11     | You pick up a book of Conjurations {@e2} and begin
                  | reading...
 10231 | D:11     | You add the spells Magic Dart, Searing Ray and Fulminant
                  | Prism to your library.
 10256 | D:11     | Noticed a two-headed ogre
 10264 | D:11     | Killed a two-headed ogre
 10265 | D:11     | Reached skill level 4 in Throwing
 10265 | D:11     | Reached skill level 5 in Invocations
 10265 | D:11     | Reached XP level 13. HP: 79/103 MP: 16/16
 10713 | D:11     | Identified the +1 leather armour of Brilliance {*Slow +Inv
                  | Int+4}
 10754 | D:11     | Identified the +1 scale mail of Okawaru, Kissing {rElec rC+
                  | Str-5 Int+3} (Okawaru gifted it to you on level 11 of the
                  | Dungeon)
 10754 | D:11     | Received a gift from Okawaru
 10822 | D:11     | Reached ****** piety under Okawaru
 11192 | D:11     | Reached skill level 13 in Axes
 11656 | D:12     | Reached skill level 5 in Throwing
 11671 | D:12     | Found a staircase to the Orcish Mines.
 12059 | D:12     | Noticed a boulder beetle
 12075 | D:12     | Killed a boulder beetle
 12115 | D:12     | Noticed a seven-headed hydra
 12120 | D:12     | Killed a five-headed hydra
 12559 | D:13     | Noticed a seven-headed hydra
 12565 | D:13     | Killed a three-headed hydra
 12659 | D:13     | Noticed a six-headed hydra
 12663 | D:13     | Killed a three-headed hydra
 12664 | D:13     | Reached skill level 11 in Fighting
 12664 | D:13     | Reached skill level 11 in Armour
 12771 | D:13     | Reached skill level 13 in Shields
 13303 | D:13     | Mangled by a titanic slime creature

Vanquished Creatures
  A minotaur (Gauntlet)
  Josephine (D:10)
  A boulder beetle (D:12)
  3 hydras
  3 two-headed ogres (D:11)
  A death scarab (Gauntlet)
  A hell hog (Gauntlet)
  A fire crab (Gauntlet)
  A spectral hydra (Gauntlet)
  A wizard (D:9)
  A necromancer (Gauntlet)
  A deep elf pyromancer (D:8)
  An orc sorcerer (D:12)
  2 ugly things (D:13)
  2 cyclopes
  2 manticores
  Maurice (D:8)
  2 unseen horrors
  Joseph (D:7)
  A gargoyle (D:13)
  2 kobold demonologists
  A komodo dragon (D:10)
  5 slime creatures (D:10)
  A troll (D:13)
  7 wraiths
  A water elemental (D:11)
  A shadow (D:10)
  2 wyverns
  A ynoxinul (Gauntlet)
  29 yaks
  9 fire bats (Gauntlet)
  Grum (D:10)
  A vampire (D:11)
  A basilisk (D:13)
  7 vampire mosquitoes
  2 wargs (D:9)
  2 hell hounds (Gauntlet)
  Duvessa (D:7)
  A sky beast (D:7)
  2 orc warriors (D:9)
  7 wolves
  7 centaurs
  3 ogres
  4 kobold brigands
  4 phantoms
  Blork the orc (D:4)
  3 bullfrogs
  A gnoll sergeant (D:9)
  A necrophage (D:6)
  2 scorpions
  9 wights
  Dowan (D:7)
  5 killer bees (D:11)
  7 howler monkeys
  8 electric eels (D:11)
  3 jellies
  2 orc priests
  4 hounds
  2 gnoll boudas
  2 iron imps (Gauntlet)
  8 orc wizards
  2 iguanas (D:5)
  Natasha (thrice) (D:3)
  6 ogre zombies (D:12)
  5 adders
  13 gnolls
  A shadow imp (D:7)
  2 white imps
  3 dart slugs
  28 orcs
  7 bats
  9 endoplasms
  4 giant cockroaches
  9 goblins
  6 hobgoblins
  7 jackals
  20 kobolds
  4 quokkas
  8 ball pythons
  2 frilled lizards
  4 goblin zombies (D:12)
  5 hobgoblin zombies (D:12)
  2 orc skeletons (D:12)
  8 orc zombies (D:12)
347 creatures vanquished.

Vanquished Creatures (others)
  A kobold (D:10)
  3 fungi (Gauntlet)
  4 plants
  A withered plant (Gauntlet)
9 creatures vanquished.

Grand Total: 356 creatures vanquished

Table legend:
 A = Non-vault XP
 B = Vault XP
 C = Vault XP percentage of total XP
 D = Non-vault monster count
 E = Vault monster count
 F = Vault count percentage of total count
                 A         B        C        D         E       F
            +---------+---------+-------+---------+---------+-------
      Total |   25737 |   15923 |  38.2 |     259 |      88 |  25.4
            +---------+---------+-------+---------+---------+-------
        D:1 |      64 |       0 |   0.0 |      26 |       0 |   0.0
        D:2 |      32 |       0 |   0.0 |      17 |       0 |   0.0
        D:3 |      92 |      35 |  27.6 |      12 |       1 |   7.7
        D:4 |     252 |      91 |  26.5 |      25 |       1 |   3.8
        D:5 |     582 |      59 |   9.2 |      17 |       4 |  19.0
        D:6 |     493 |       0 |   0.0 |      15 |       0 |   0.0
        D:7 |     825 |     604 |  42.3 |      24 |       3 |  11.1
        D:8 |    1960 |    1029 |  34.4 |      21 |       2 |   8.7
        D:9 |    3230 |    2590 |  44.5 |      23 |      15 |  39.5
       D:10 |    4180 |    2226 |  34.7 |      20 |       9 |  31.0
       D:11 |    4991 |       0 |   0.0 |      26 |       0 |   0.0
       D:12 |    4208 |    1902 |  31.1 |      22 |      30 |  57.7
       D:13 |    4828 |       0 |   0.0 |      11 |       0 |   0.0
   Gauntlet |       0 |    7387 | 100.0 |       0 |      23 | 100.0
            +---------+---------+-------+---------+---------+-------

Illustrated notes

Table legend:
 A = Kills in this place as a percentage of kills in entire the game.
 B = Kills by you in this place as a percentage of kills by you in the entire game.
 C = Kills by friends in this place as a percentage of kills by friends in the entire game.
 D = Other kills in this place as a percentage of other kills in the entire game.
 E = Experience gained in this place as a percentage of experience gained in the entire game.
 F = Experience gained in this place divided by the number of levels of this place that you have seen.
                   A       B       C       D       E      F
               +-------+-------+-------+-------+-------+----------------------
         Total | 100.0 | 100.0 |   N/A |   N/A | 100.0 | 2975.7
       Dungeon |  93.4 |  93.4 |   N/A |   N/A |  82.3 | 2636.4
      Gauntlet |   6.6 |   6.6 |   N/A |   N/A |  17.7 | 7387.0
               +-------+-------+-------+-------+-------+----------------------

Table legend: (Time is in decaauts)
 A = Elapsed time spent in this place.
 B = Non-inter-level travel time spent in this place.
 C = Inter-level travel time spent in this place.
 D = Time resting spent in this place.
 E = Time spent auto-exploring this place.
 F = Levels seen in this place.
 G = Mean time per level.
                   A        B        C        D        E       F      G
               +--------+--------+--------+--------+--------+-----+--------+
         Total |  13592 |  13293 |    299 |    443 |  10615 |  14 |  970.9 |
       Dungeon |  13060 |  12761 |    299 |    173 |  10547 |  13 | 1004.6 |
      Gauntlet |    532 |    532 |      0 |    270 |     68 |   1 |  532.0 |
               +--------+--------+--------+--------+--------+-----+--------+

Top non-repeatable levels by time:
    D:11: 1486 daAuts
     D:9: 1248 daAuts
    D:12: 1235 daAuts
     D:7: 1215 daAuts
     D:5: 1111 daAuts
    D:10: 1071 daAuts
     D:6: 955 daAuts
     D:3: 936 daAuts
     D:8: 856 daAuts
     D:1: 821 daAuts
    D:13: 756 daAuts
     D:4: 709 daAuts
     D:2: 655 daAuts
Gauntlet: 532 daAuts
